 Dungeon Crawl Stone Soup version 0.29.1-15-g9cfb28693d (webtiles) character file.

Game seed: 11138845229776269552

680 QwertyIsDirtey123 the Ruffian (level 7, -7/68 HPs)
             Began as a Troll Berserker on Apr 5, 2023.
             Was a Believer of Trog.
             Mangled by Menkaure (10 damage)
             ... on level 5 of the Dungeon.
             The game lasted 00:16:55 (3230 turns).

QwertyIsDirtey123 the Ruffian (Troll Berserker)     Turns: 3230, Time: 00:16:55

Health: -7/68      AC:  2    Str: 28    XL:     7   Next: 34%
Magic:  6/6        EV: 14    Int:  3    God:    Trog [**....]
Gold:   126        SH:  0    Dex:  9    Spells: 6/6 levels left

rFire   + . .      SeeInvis .   i - +1 hand axe (venom)
rCold   + . .      Faith    .   (no shield)
rNeg    . . .      Spirit   .   (body armour restricted)
rPois   .          Reflect  .   (helmet restricted)
rElec   .          Harm     .   p - scarf {rC+ rF+}
rCorr   .          Rampage  .   (gloves unavailable)
Will    .....                   (boots unavailable)
Stlth   +.........              (no amulet)
HPRegen 1.01/turn               g - +4 ring of evasion
MPRegen 0.10/turn               (no ring)

@: no status effects
A: large, unfitting armour, claws 3, regeneration 1, shaggy fur 1, tough skin 1
a: Renounce Religion, Berserk, Trog's Hand


You were on level 5 of the Dungeon.
You worshipped Trog.
Trog was pleased with you.
You visited 1 branch of the dungeon, and saw 5 of its levels.

You collected 126 gold pieces.

Inventory:

Hand Weapons
 i - a +1 hand axe of venom (weapon)
Armour
 p - a scarf of resistance (worn)
Magical Staves
 n - a staff of poison
Jewellery
 g - a +4 ring of evasion (left claw)
Wands
 k - a wand of polymorph (10)
 m - a wand of paralysis (7)
Potions
 a - a potion of degeneration {unknown}


   Skills:
 + Level 3.8 Fighting
 + Level 1.4 Axes
 + Level 4.3 Dodging
 + Level 1.1 Stealth
 + Level 5.6 Unarmed Combat


You had 6 spell levels left.
You didn't know any spells.
Your spell library was empty.

Dungeon Overview and Level Annotations

Branches:
Dungeon (5/15)
 Temple: D:4-7

Altars:

Shops:
D:3 =

Annotations:
D:5 Menkaure


Innate Abilities, Weirdness & Mutations

You are too large for most types of armour.
You have claws for hands.
Your natural rate of healing is unusually fast.
You are covered in fur. (AC +1)
You have tough skin. (AC +1)


Message History

The phantom closely misses you.
You hit the phantom.
The phantom is lightly damaged.
The phantom hits you. The phantom misses you.
You hit the phantom.
The phantom is lightly damaged.
The phantom hits you.
You closely miss the phantom.
The phantom is lightly damaged.
The phantom barely misses you.
You barely miss the phantom.
The phantom is lightly damaged.
You barely miss Menkaure. The phantom hits you. Menkaure completely misses you.
You miss the phantom.
The phantom is lightly damaged.
You barely miss Menkaure. The phantom hits you.
The phantom blinks!
You blink.
You slash the phantom!
The phantom is heavily damaged.
The phantom hits you!
Menkaure gestures wildly while chanting.
Menkaure seems to speed up.
The phantom hits you.
The phantom blinks!
You blink.
Menkaure hits you!!
Menkaure whispers, "From dust you came, to dust you will return."
Menkaure casts a spell at you. Pain shoots through your body!
* * * LOW HITPOINT WARNING * * *
Unknown command.
Menkaure barely misses you. The phantom hits you.
* * * LOW HITPOINT WARNING * * *
Menkaure closely misses you.
Menkaure gestures at you while chanting.
Pain shoots through your body!
* * * LOW HITPOINT WARNING * * *
Unknown command.
You closely miss the phantom. You claw the phantom!
You destroy the phantom!
Trog accepts your kill.
You hit Menkaure. Menkaure hits you!
You die...

#. #.# #. #.# #. #.#
####)#### #.##
#.......# #..##
#.#.....##########...##
+............>.........
#.#..$.M##########...##
#.....@.# #..##
####.#### #.## #. #.#
#. #.# # #.# #.# #.# #
#.# # #.# #


You could see Menkaure (fast).

Vanquished Creatures
  Sigmund (D:2)
  The ghost of SpongeAnoos the Covered, an amateur HuFi (D:3)
  A phantom (D:5)
  Blork the orc (D:4)
  A water moccasin zombie (D:3)
  A hound (D:4)
  An orc priest (D:4)
  A bullfrog skeleton (D:3)
  2 iguanas (D:4)
  An orc wizard (D:4)
  2 adders
  2 dart slugs
  A worm (D:2)
  4 orcs
  2 ball pythons
  8 endoplasms
  2 giant cockroaches
  4 goblins
  3 hobgoblins
  10 jackals
  2 quokkas
  A bat (D:2)
  5 frilled lizards
  8 kobolds
  5 rats
70 creatures vanquished.

Notes
Turn   | Place    | Note
-------+----------+-------------------------------------------
     0 | D:1      | QwertyIsDirtey123 the Troll Berserker began the quest for
                  | the Orb.
     0 | D:1      | Reached XP level 1. HP: 22/22 MP: 0/0
   287 | D:1      | Reached XP level 2. HP: 29/29 MP: 1/1
   782 | D:2      | Noticed Sigmund
   786 | D:2      | Killed Sigmund
   787 | D:2      | Reached skill level 4 in Unarmed Combat
   787 | D:2      | Reached XP level 3. HP: 37/37 MP: 2/2
   787 | D:2      | Reached XP level 4. HP: 45/45 MP: 3/3
   787 | D:2      | Reached XP level 5. HP: 53/53 MP: 4/4
  1006 | D:2      | Reached ** piety under Trog
  1457 | D:3      | Found Lurex's Jewellery Shop.
  1612 | D:3      | Found a runed translucent gate.
  1612 | D:3      | Found a runed translucent gate.
  1612 | D:3      | Found a runed translucent gate.
  1615 | D:3      | Noticed SpongeAnoos's ghost (amateur HuFi)
  1645 | D:3      | Killed SpongeAnoos's ghost
  1646 | D:3      | Reached skill level 1 in Stealth
  1646 | D:3      | Reached skill level 5 in Unarmed Combat
  1646 | D:3      | Reached XP level 6. HP: 15/61 MP: 5/5
  1915 | D:4      | Reached XP level 7. HP: 57/68 MP: 6/6
  1964 | D:4      | Noticed Blork the orc
  1975 | D:4      | Killed Blork the orc
  2308 | D:4      | Reached skill level 1 in Axes
  2681 | D:5      | Entered Level 5 of the Dungeon
  3219 | D:5      | Noticed Menkaure
  3229 | D:5      | HP: 2/68 [Menkaure/nerve-wracking pain (13)]
  3230 | D:5      | Mangled by Menkaure

Illustrated notes

Levels and vault maps discovered:
D:1:      spicycebolla_arrival_ecumenical, layout_loops_ring,
          chequers_serial_rivers_small_3
D:2:      layout_loops_corners, uniq_sigmund
D:3:      layout_basic, gammafunk_ghost_necromancy, serial_shops,
          nicolae_shop_competitors_out_of_business
D:4:      layout_basic, uniq_blork_the_orc
D:5:      layout_loops_corners, uniq_menkaure

Skill      XL: |  1  2  3  4  5  6  7 |
---------------+----------------------+-----
Fighting       | 3 |  3.8
Dodging        | 3 4 |  4.3
Unarmed Combat | 4 5 |  5.6
Stealth        | 1 |  1.1
Axes           | 1 |  1.4

Action                   |  1- 3 |  4- 6 |  7- 9 || total
-------------------------+-------+-------+-------++-------
Melee: Unarmed           |    30 |    90 |     5 ||   125
       Punch             |       |     5 |     3 ||     8
       Hand axe          |       |    16 |    44 ||    60
Evoke: Wand              |       |       |     1 ||     1
 Stab: Sleeping          |     2 |       |     1 ||     3
Armor: Animal skin       |    11 |    46 |     7 ||    64
       Skin              |       |       |     4 ||     4
Dodge: Dodged            |    14 |   116 |    32 ||   162
